AoeStats
← [CL] Al3jandr0.magn00

Hill Fort

503929043Analyzed
4v4 RM · 28d ago on Sep 3, 2026· 73m 28s· 8 players
Game mode
Random Map
Map size
Large (8 player)
Population
200
Speed
Normal
Resources
Standard
Victory
Conquest
Starting age
Dark Age
Ending age
Imperial Age
RankedLock teamsTeams togetherTeam positionsShared explorationLock speedFull tech treeHidden civsTurbo modeCheats
Victory
Defeat
🇦🇷 Spanish · Argentina
1698
+9
🇨🇱 Shu · Chile
1565
+15
1510
+18
🇨🇱 Maya · Chile
1483
+18
🇨🇳 Dravidians · China
1601
-18
🇺🇸 Romans · United States
1545
-15
🇨🇳 Poles · China
1526
-14
🇧🇷 Ethiopians · Brazil
1509
-13
_LZ_
10:48 Feudal Age
12:00 Loom
15:24 Castle Age
13:31 Double-Bit Axe
14:03 Horse Collar
16:22 Bow Saw
26:12 Wheelbarrow
29:51 Imperial Age
28:07 Scale Barding Armor
28:08 Heavy Plow
28:48 Gold Mining
28:49 Stone Mining
29:39 Chain Barding Armor
31:30 Plate Barding Armor
32:16 Gold Shaft Mining
32:27 Hand Cart
32:55 Elite Centurion
33:59 Conscription
34:27 Bloodlines
34:23 Husbandry
37:36 Forging
39:48 Iron Casting
40:15 Masonry
45:03 Blast Furnace
45:10 Light Cavalry
45:10 Light Cavalry
45:57 Fletching
46:53 Caravan
49:49 Town Watch
50:03 Bodkin Arrow
54:05 Architecture
63:26 Crop Rotation
比奇堡_Gary
10:59 Feudal Age
11:36 Town Watch
12:15 Loom
15:51 Castle Age
14:35 Double-Bit Axe
14:40 Horse Collar
15:58 Fletching
17:01 Bow Saw
18:26 Bodkin Arrow
19:21 Ballistics
19:33 Crossbowman
26:16 Gold Mining
26:37 Padded Archer Armor
29:40 Wheelbarrow
31:44 Leather Archer Armor
32:06 Hand Cart
31:55 Heavy Plow
37:35 Imperial Age
36:42 Thumb Ring
38:04 Stone Mining
38:25 Bracer
38:55 Ring Archer Armor
38:49 Fortified Wall
39:56 Chemistry
39:01 Husbandry
39:50 Elite Elephant Archer
44:51 Coinage
44:21 Caravan
47:03 Conscription
49:17 Banking
62:21 Medical Corps
65:41 Scale Mail Armor
65:52 Forging
65:03 Pikeman
65:11 Man-at-Arms
66:48 Halberdier
67:45 Chain Mail Armor
68:06 Iron Casting
67:58 Squires
69:46 Scale Barding Armor
71:16 Blast Furnace
逆·风
11:18 Feudal Age
12:30 Double-Bit Axe
13:26 Loom
16:15 Castle Age
14:46 Horse Collar
14:58 Stone Mining
16:03 Gold Mining
17:08 Heavy Plow
18:39 Wheelbarrow
17:51 Town Watch
18:19 Bow Saw
23:58 Fletching
25:04 Padded Archer Armor
25:25 Crossbowman
26:26 Bodkin Arrow
27:26 Leather Archer Armor
27:28 Elite Skirmisher
29:17 Hand Cart
29:11 Thumb Ring
33:50 Imperial Age
32:50 Gold Mining
33:35 Stone Shaft Mining
34:00 Ballistics
34:34 Bracer
35:35 Chemistry
35:31 Ring Archer Armor
35:18 Arbalester
38:10 Two-Man Saw
37:55 Conscription
39:05 Siege Engineers
41:56 Coinage
41:38 Guilds
41:31 Scale Mail Armor
41:41 Forging
41:35 Squires
41:42 Arson
42:29 Royal Heirs
43:25 Masonry
44:50 Elite Shotel Warrior
46:49 Chain Mail Armor
47:09 Iron Casting
47:44 Gold Shaft Mining
49:48 Plate Mail Armor
50:19 Blast Furnace
50:29 Blast Furnace
50:05 Caravan
51:20 Banking
51:01 Torsion Engines
53:40 Sappers
58:58 Halberdier
60:27 Scale Barding Armor
lemontree
10:18 Feudal Age
9:39 Loom
14:52 Castle Age
13:09 Double-Bit Axe
13:58 Horse Collar
17:19 Bow Saw
19:50 Town Watch
21:05 Heavy Plow
22:06 Fletching
23:00 Bodkin Arrow
26:19 Wheelbarrow
28:31 Gold Mining
35:06 Imperial Age
33:10 Hand Cart
32:39 Treadmill Crane
33:10 Masonry
32:57 Stone Mining
34:10 Scale Barding Armor
34:16 Forging
34:11 Light Cavalry
35:02 Bloodlines
34:52 Husbandry
35:17 Chain Barding Armor
36:21 Conscription
36:54 Forging
37:16 Conscription
38:20 Conscription
41:01 Stone Shaft Mining
41:25 Iron Casting
41:14 Winged Hussar
42:53 Crop Rotation
43:44 Blast Furnace
45:48 Lechitic Legacy
50:18 Caravan
52:25 Coinage
56:37 Capped Ram
58:35 Banking
Darth Maul
11:43 Feudal Age
12:55 Double-Bit Axe
15:40 Castle Age
14:03 Horse Collar
14:14 Gold Mining
16:34 Bow Saw
16:27 Heavy Plow
17:27 Loom
20:56 Wheelbarrow
23:00 Husbandry
23:39 Hand Cart
23:25 Town Watch
29:50 Imperial Age
28:13 Fletching
28:23 Padded Archer Armor
28:06 Crossbowman
29:15 Bodkin Arrow
30:26 Thumb Ring
30:33 Bracer
30:11 Arbalester
31:55 Chemistry
33:12 Leather Archer Armor
33:51 Gold Shaft Mining
34:15 Ballistics
34:37 Conscription
35:37 Bolt Magazine
37:15 Ring Archer Armor
37:03 Scale Mail Armor
37:13 Forging
37:22 Elite White Feather Guard
39:04 Chain Mail Armor
39:48 Coinage
39:33 Elite Skirmisher
41:40 Plate Mail Armor
43:00 Caravan
52:08 Scale Barding Armor
51:25 Light Cavalry
55:53 Chain Barding Armor
56:23 Coiled Serpent Array
57:08 Pikeman
57:55 Squires
57:41 Arson
60:00 Hoardings
59:03 Heavy Hei Guang Cavalry
60:42 Siege Engineers
60:48 Masonry
63:08 Guilds
[CL] ~C H R I $-
0:33 Loom
11:33 Feudal Age
16:21 Castle Age
14:49 Double-Bit Axe
16:00 Horse Collar
18:20 Bow Saw
20:52 Wheelbarrow
22:47 Padded Archer Armor
24:02 Fletching
26:12 Leather Archer Armor
27:16 Bodkin Arrow
27:43 Ballistics
34:01 Imperial Age
35:15 Heavy Plow
35:31 Hand Cart
35:25 Scale Mail Armor
35:58 Ring Archer Armor
35:29 Bracer
36:32 Chemistry
35:49 Pikeman
36:30 Squires
36:46 Gold Mining
36:32 Eagle Warrior
37:40 Scale Mail Armor
37:51 Forging
37:30 Elite Plumed Archer
38:23 Halberdier
39:31 Conscription
43:11 Two-Man Saw
42:06 Stone Mining
44:37 Capped Ram
44:53 Onager
47:45 Elite Skirmisher
48:33 Thumb Ring
64:48 Town Watch
65:35 Elite Eagle Warrior
66:35 Chain Mail Armor
66:56 Iron Casting
71:13 Plate Mail Armor
71:44 Blast Furnace
[CL] Al3jandr0.magn00
10:38 Feudal Age
14:36 Castle Age
12:55 Horse Collar
14:01 Double-Bit Axe
21:31 Loom
22:29 Town Watch
23:21 Wheelbarrow
33:13 Bow Saw
33:04 Heavy Plow
33:26 Gold Mining
38:54 Imperial Age
36:57 Bloodlines
36:48 Husbandry
38:38 Forging
39:02 Pikeman
39:42 Squires
41:35 Cavalier
42:21 Scale Barding Armor
43:31 Chain Barding Armor
44:17 Iron Casting
46:36 Plate Barding Armor
46:10 Paladin
47:54 Stone Mining
48:26 Caravan
49:11 Conscription
60:06 Blast Furnace
71:25 Fortified Wall
[CL] The Fabulous Merasmus
9:22 Loom
11:11 Feudal Age
16:29 Castle Age
14:28 Double-Bit Axe
14:26 Horse Collar
15:07 Gold Mining
16:34 Fletching
17:53 Bodkin Arrow
18:33 Crossbowman
19:26 Heavy Plow
20:31 Bow Saw
23:15 Loom
25:51 Stone Mining
26:30 Town Watch
28:00 Gold Shaft Mining
27:57 Squires
27:43 Gambesons
28:58 Town Patrol
30:37 Scale Mail Armor
30:48 Forging
31:37 Chain Mail Armor
34:17 Imperial Age
32:57 Iron Casting
32:11 Arson
33:08 Chieftains
35:40 Conscription
35:53 Plate Mail Armor
36:23 Blast Furnace
35:53 Capped Ram
36:47 Elite Berserk
39:32 Siege Engineers
39:28 Siege Ram
40:49 Masonry
42:51 Chemistry
49:05 Two-Man Saw
54:58 Caravan
65:34 Hoardings
66:18 Architecture
Connection lost

Rejoining the realm…

Still unreachable

The connection could not be restored.

Session expired

The server has moved on; the page needs a fresh start.